 Dungeon Crawl Stone Soup version 0.30.1-4-g462c640d31 (webtiles) character file.

Game seed: 9542133544872926090

42555 Peloso the Fencer (level 13, -1/122 HPs)
             Began as a Minotaur Fighter on Sept 17, 2023.
             Was a High Priest of Okawaru.
             Slain by a death yak simulacrum (29 damage)
             ... in an ice cave.
             The game lasted 00:38:39 (16201 turns).

Peloso the Fencer (Minotaur Fighter)               Turns: 16201, Time: 00:38:40

Health: -1/122     AC: 22    Str: 20    XL:     13   Next: 86%
Magic:  13/13      EV:  9    Int:  5    God:    Okawaru [*****.]
Gold:   1176       SH:  7    Dex: 16    Spells: 12/12 levels left

rFire   + . .        b - +3 scimitar (flame)
rCold   . . .        d - +0 buckler
rNeg    + . .        Q - +0 plate armour of Skepticism {rN+}
rPois   .            (helmet restricted)
rElec   .            (no cloak)
rCorr   .            M - +2 pair of gloves of the First Snow {Slay+3}
SInv    +            c - +0 pair of boots
Will    .....        K - amulet of regeneration Stlth
                     f - ring of see invisible
HPRegen 1.20/turn    C - ring of protection from fire
MPRegen 0.13/turn

%: no passive effects
@: no status effects
A: horns 2, retaliatory headbutt
a: Renounce Religion, Heroism, Finesse, Duel


You were in an ice cave.
You worshipped Okawaru.
Okawaru was extremely pleased with you.
You visited 3 branches of the dungeon, and saw 15 of its levels.
You also visited: Ossuary and Ice Cave.

You collected 1241 gold pieces.
You spent 65 gold pieces at shops.

Inventory:

Hand Weapons
 a - a +0 demon blade of flaming
 b - a +3 scimitar of flaming (weapon)
Missiles
 G - a throwing net (quivered)
Armour
 c - a +0 pair of boots (worn)
 d - a +0 buckler (worn)
 m - a +1 plate armour of fire resistance
 M - the +2 pair of gloves of the First Snow (worn) {Slay+3}
   (Okawaru gifted it to you on level 10 of the Dungeon)

   Slay:      It affects your accuracy & damage with ranged weapons and melee
   (+3).
 Q - the +0 plate armour of Skepticism (worn) {rN+}
   (Okawaru gifted it to you on level 3 of the Lair of Beasts)

   rN:        It protects you from negative energy.
Jewellery
 f - a ring of see invisible (left hand)
 C - a ring of protection from fire (right hand)
 I - an amulet of reflection
 J - a +6 ring of strength
 K - an amulet of regeneration (around neck)
Wands
 h - a wand of roots (22)
 B - a wand of flame (41)
 N - a wand of mindburst (7)
Scrolls
 k - 4 scrolls of teleportation
 l - a scroll of amnesia
 o - 2 scrolls of enchant armour
 p - 2 scrolls of butterflies
 q - 2 scrolls of brand weapon
 r - a scroll of poison
 t - a scroll of immolation
 u - 2 scrolls of magic mapping
 v - a scroll of acquirement {unknown}
 y - 2 scrolls of vulnerability {unknown}
 D - a scroll of fear {unknown}
 H - a scroll of noise
 P - a scroll of fog
Potions
 e - 2 potions of might
 g - 5 potions of magic
 i - 2 potions of invisibility
 j - a potion of cancellation
 n - 2 potions of resistance
 s - a potion of haste
 w - 6 potions of curing
 x - 3 potions of attraction
 z - a potion of brilliance
 A - 2 potions of flight
 E - 3 potions of mutation
 F - 2 potions of lignification
 O - a potion of heal wounds


   Skills:
 + Level 13.6 Fighting
 + Level 16.2 Long Blades
 + Level 15.7 Armour
 + Level 5.6 Dodging
 + Level 1.2 Stealth
 + Level 11.6 Shields
 + Level 1.5 Invocations
 + Level 1.3 Evocations


You had 12 spell levels left.
You didn't know any spells.
Your spell library contained the following spells:

 Spells                   Type           Power      Damage    Failure   Level
 Apportation              Tloc           0%         N/A       100%        1
 Foxfire                  Conj/Fire      0%         2x1d4     100%        1
 Necrotise                Necr           0%         1d4       100%        1
 Sting                    Tmut/Pois      0%         1d3       100%        1
 Cigotuvi's Dreadful Rot  Necr/Pois/Air  0%         N/A       100%        2
 Poisonous Vapours        Pois/Air       0%         N/A       100%        2
 Static Discharge         Conj/Air       0%         2-2/arc   100%        2
 Ignite Poison            Fire/Tmut/Pois 0%         N/A       100%        3
 Stone Arrow              Conj/Erth      0%         3d7       100%        3
 Airstrike                Air            0%         2d(0-16)  100%        4
 Olgreb's Toxic Radiance  Pois           0%         N/A       100%        4
 Borgnjor's Vile Clutch   Necr/Erth      0%         N/A       100%        5
 Fireball                 Conj/Fire      0%         3d3       100%        5
 Freezing Cloud           Conj/Ice/Air   0%         6-21      100%        5
 Plasma Beam              Fire/Air       0%         2x1d11    100%        6
 Starburst                Conj/Fire      0%         6d3       100%        6
 Lehudib's Crystal Spear  Conj/Erth      0%         10d2      100%        8
 Summon Small Mammal      Summ           Unusable   N/A       N/A         1
 Animate Armour           Summ/Erth      Unusable   N/A       N/A         4
 Animate Dead             Necr           Unusable   N/A       N/A         4
 Summon Lightning Spire   Summ/Air       Unusable   N/A       N/A         4
 Death Channel            Necr           Unusable   N/A       N/A         6

Dungeon Overview and Level Annotations

Branches:
Dungeon (11/15)            Temple (1/1) D:5            Lair (3/5) D:8
 Shoals (0/4) Lair:3       Spider (0/4) Lair:2          Orc (0/2) D:11
Ossuary (visited)           IceCv (1/1)

Altars:
Ashenzari
Cheibriados
Dithmenos
Elyvilon
Fedhas
Gozag
Hepliaklqana
Kikubaaqudgha
Makhleb
Nemelex Xobeh
Okawaru
Qazlal
Ru
Sif Muna
Trog
Uskayaw
Vehumet
Wu Jian
Xom
Yredelemnul
Zin
The Shining One

Shops:
D:4 [   D:6 :   D:8 ?

Annotations:
D:6 2 runed translucent doors, kalagan's ghost, novice DECj
D:10 guardiani
Lair:1 3 runed translucent doors, laros's ghost, journeyman MiBe


Innate Abilities, Weirdness & Mutations

You have a pair of horns on your head.
You reflexively headbutt those who attack you in melee.


Message History

You slice the ice devil!! You burn the ice devil! You headbutt the ice devil.
You kill the ice devil!
Okawaru accepts your kill. The ice devil hits you. The ice devil freezes you!
Unknown command.
You slash the dire elephant simulacrum!
You melt the dire elephant simulacrum.
The dire elephant simulacrum is moderately damaged.
The ice devil hits you but does no damage.
The dire elephant simulacrum tramples you!!
* * * LOW HITPOINT WARNING * * *
You hold your ground!
The dire elephant simulacrum closely misses you.
You hit the dire elephant simulacrum.
You melt the dire elephant simulacrum.
You headbutt the dire elephant simulacrum!
The dire elephant simulacrum is almost destroyed.
Unknown command.
You slice the dire elephant simulacrum!!
You melt the dire elephant simulacrum.
The dire elephant simulacrum vaporises!
Okawaru accepts your kill. You block the ice devil's attack.
Unknown command.
You hit the death yak simulacrum.
You melt the death yak simulacrum.
You headbutt the death yak simulacrum.
The death yak simulacrum is moderately damaged.
You block the ice devil's attack.
Unknown command.
You hit the death yak simulacrum.
You melt the death yak simulacrum.
You headbutt the death yak simulacrum.
The death yak simulacrum is heavily damaged.
The death yak simulacrum gores you. The death yak simulacrum freezes you!!
* * * LOW HITPOINT WARNING * * *
The ice devil closely misses you.
Unknown command.
You feel much better.
You feel like a meek peon again. The death yak simulacrum gores you!
* * * LOW HITPOINT WARNING * * *
The death yak simulacrum freezes you!!
You die...

#..## #.## #.°○#
#..# ..# #°○○#
#..## ... #○#§#
##..# ...
##§○°###
#..##..)##○.☼°§§#
##..# ##°.#☼§§§§#
#..#
##..###§#4§..
##.###ZZ.# §4§#..
##.@#..## ☼4☼ .
#.Z4.## ...Z.
##..## Z.Z. ####
#...


You could see an ice devil and a death yak simulacrum.

Vanquished Creatures
  3 hydras
  2 centaur warriors
  Erolcha (D:9)
  The ghost of kalagan the Thaumaturge, a journeyman DECj of Sif Muna (Lair:3)
  3 boulder beetles
  4 two-headed ogres (D:10)
  Erica (D:9)
  2 hell knights (D:10)
  A fire crab (Lair:3)
  Nergalle (Lair:1)
  Amaemon (D:9)
  A swamp dragon (D:10)
  An orb spider (Lair:2)
  2 manticores
  An ugly thing (D:10)
  A merfolk siren (Lair:3)
  3 black mambas
  An orange demon (D:9)
  2 ice statues (IceCv)
  3 elephants (Lair:3)
  8 cane toads
  5 rime drakes
  Maggie (D:10)
  2 efreet (D:10)
  2 komodo dragons
  An anaconda simulacrum (IceCv)
  4 ice devils (IceCv)
  2 tengu conjurers (D:10)
  A freezing wraith (IceCv)
  5 trolls
  A hornet (D:10)
  A polar bear (Lair:2)
  A merfolk (Lair:3)
  Prince Ribbit (D:9)
  13 blink frogs
  2 shadows (D:10)
  A vampire (D:9)
  A dire elephant simulacrum (IceCv)
  2 wyverns
  A wraith (D:10)
  36 yaks
  5 steam dragons
  A basilisk (Lair:2)
  3 vampire mosquitoes (D:8)
  2 acid dragons
  3 hell hounds (D:10)
  5 water moccasins
  5 sky beasts
  6 black bears
  5 orc warriors
  4 ogres
  3 wolves (Lair:3)
  2 phantoms
  2 centaurs
  10 bullfrogs
  5 kobold brigands
  6 scorpions
  4 two-headed ogre simulacra (IceCv)
  A gnoll sergeant (D:10)
  13 wights
  9 killer bees
  3 howler monkeys
  7 electric eels
  2 jellies (D:6)
  5 centaur zombies (Ossuary)
  A gnoll bouda (D:4)
  3 hounds
  5 orc priests
  2 sleepcaps
  3 iguanas
  8 orc wizards
  7 hell rats (Lair:3)
  A spriggan simulacrum (IceCv)
  A polar bear simulacrum (IceCv)
  6 mummies
  Robin (D:3)
  7 gnolls
  A naga simulacrum (IceCv)
  12 adders
  2 shadow imps
  4 white imps
  3 ufetubi
  A worm (D:3)
  3 dart slugs
  39 orcs
  7 ball pythons
  16 endoplasms
  A giant cockroach (D:4)
  14 goblins
  15 hobgoblins
  7 jackals
  A quokka (D:1)
  6 bats
  A frilled lizard (D:3)
  5 hobgoblin zombies (Ossuary)
  27 kobolds
  8 rats
  2 butterflies (Lair:1)
457 creatures vanquished.

Vanquished Creatures (others)
  A wizard (D:10)
  A yak (D:10)
  A steam dragon (D:10)
  A kobold (D:10)
4 creatures vanquished.

Grand Total: 461 creatures vanquished

Notes
Turn   | Place    | Note
-------+----------+-------------------------------------------
     0 | D:1      | Peloso the Minotaur Fighter began the quest for the Orb.
     0 | D:1      | Reached XP level 1. HP: 19/19 MP: 0/0
    90 | D:1      | Reached XP level 2. HP: 27/27 MP: 1/1
   230 | D:1      | Reached XP level 3. HP: 33/33 MP: 2/2
   328 | D:1      | Found a faded altar of an unknown god.
   714 | D:2      | Reached skill level 3 in Long Blades
   835 | D:2      | Reached XP level 4. HP: 40/41 MP: 3/3
  1108 | D:2      | Found an ornate altar of the Wu Jian Council.
  1872 | D:3      | Found a white marble altar of Elyvilon.
  1941 | D:3      | Reached XP level 5. HP: 44/47 MP: 4/4
  2216 | D:4      | Found Ysobaahy's Armour Shop.
  2239 | D:4      | Reached skill level 4 in Long Blades
  2239 | D:4      | Reached skill level 5 in Armour
  2258 | D:4      | Noticed Robin
  2338 | D:3      | Killed Robin
  2646 | D:4      | Reached XP level 6. HP: 53/53 MP: 5/5
  2670 | D:4      | Reached skill level 5 in Long Blades
  2670 | D:4      | Reached skill level 1 in Dodging
  2670 | D:4      | Reached skill level 5 in Shields
  2712 | D:4      | Found a sparkling altar of Nemelex Xobeh.
  2849 | D:4      | You fall into a shaft and drop 3 floors!
  2923 | D:7      | Reached skill level 5 in Fighting
  2923 | D:7      | Reached XP level 7. HP: 45/61 MP: 6/6
  2960 | D:7      | Reached skill level 6 in Long Blades
  3052 | D:7      | Found a sand-covered staircase.
  3063 | Ossuary  | Entered an ossuary
  3137 | Ossuary  | Reached skill level 7 in Long Blades
  3485 | D:6      | Reached XP level 8. HP: 45/70 MP: 7/7
  3642 | D:6      | Found a runed translucent door.
  3668 | D:5      | Entered Level 5 of the Dungeon
  3702 | D:5      | Reached skill level 8 in Long Blades
  3807 | D:5      | Found a shimmering altar of Xom.
  4590 | D:5      | Found a staircase to the Ecumenical Temple.
  4616 | Temple   | Entered the Ecumenical Temple
  5157 | D:5      | Reached skill level 9 in Long Blades
  5430 | D:6      | Noticed a troll
  5437 | D:6      | Killed a troll
  5472 | D:5      | Reached XP level 9. HP: 62/78 MP: 8/8
  5520 | D:6      | Noticed a troll
  5534 | D:5      | Killed a troll
  5850 | D:6      | Found Bedecil's Book Boutique.
  5987 | D:5      | Reached skill level 10 in Long Blades
  6526 | D:6      | Found a runed translucent door.
  6527 | D:6      | Noticed kalagan's ghost (novice DECj)
  7120 | D:6      | Reached skill level 11 in Long Blades
  7325 | D:7      | Found a burning altar of Makhleb.
  7325 | D:7      | Found a shadowy altar of Dithmenos.
  7486 | D:7      | Reached XP level 10. HP: 74/85 MP: 9/9
  8349 | D:7      | Found an iron altar of Okawaru.
  8428 | D:7      | Became a worshipper of Warmaster Okawaru
  8480 | D:8      | Found Suarasmo's Magic Scroll Emporium.
  8498 | D:8      | Reached skill level 10 in Armour
  8627 | D:8      | Bought a scroll of noise for 13 gold pieces
  8627 | D:8      | Bought a scroll of identify for 26 gold pieces
  8629 | D:8      | Bought a scroll of identify for 26 gold pieces
  8777 | D:8      | Reached * piety under Okawaru
  9072 | D:8      | Found a basalt altar of Yredelemnul.
  9406 | D:8      | Found a staircase to the Lair.
  9664 | D:9      | Noticed Erica
  9671 | D:9      | Killed Erica
  9671 | D:9      | Reached ** piety under Okawaru
  9879 | D:9      | Noticed a centaur warrior
  9893 | D:9      | Killed a centaur warrior
  9894 | D:9      | Reached skill level 12 in Long Blades
  9894 | D:9      | Reached XP level 11. HP: 40/97 MP: 10/10
 10037 | D:9      | Reached skill level 1 in Evocations
 10137 | D:9      | Reached *** piety under Okawaru
 10345 | D:9      | Noticed Prince Ribbit
 10353 | D:9      | Killed Prince Ribbit
 10487 | D:9      | Reached skill level 5 in Dodging
 10611 | D:9      | Noticed Amaemon
 10699 | D:9      | Noticed Erolcha
 10721 | D:9      | Killed Amaemon
 10724 | D:9      | Killed Erolcha
 10724 | D:9      | Reached **** piety under Okawaru
 10864 | D:10     | Entered Level 10 of the Dungeon
 10913 | D:10     | Noticed a two-headed ogre
 10917 | D:10     | Noticed a two-headed ogre
 10932 | D:10     | Reached skill level 13 in Long Blades
 11164 | D:10     | Noticed Maggie
 11180 | D:10     | Killed Maggie
 11243 | D:10     | Noticed a centaur warrior
 11243 | D:10     | Noticed a two-headed ogre
 11255 | D:10     | Reached skill level 10 in Fighting
 11255 | D:10     | Reached skill level 1 in Stealth
 11280 | D:10     | Killed a centaur warrior
 11280 | D:10     | Reached ***** piety under Okawaru
 11295 | D:10     | Killed a two-headed ogre
 11296 | D:10     | Noticed a two-headed ogre
 11304 | D:10     | Killed a two-headed ogre
 11305 | D:10     | Reached skill level 14 in Long Blades
 11309 | D:10     | Killed a two-headed ogre
 11309 | D:10     | Identified the +2 pair of gloves of the First Snow {Slay+3}
                  | (Okawaru gifted it to you on level 10 of the Dungeon)
 11309 | D:10     | Received a gift from Okawaru
 11425 | D:10     | Reached XP level 12. HP: 96/108 MP: 11/11
 11471 | D:10     | Noticed a boulder beetle
 11501 | D:10     | Identified the +8 lajatang of Supply {elec, rN+ Str+2
                  | Stlth+}
 11526 | D:10     | Killed a boulder beetle
 11659 | D:10     | Noticed a boulder beetle
 11680 | D:10     | Killed a boulder beetle
 12090 | D:10     | Reached skill level 15 in Long Blades
 12341 | D:10     | Killed a two-headed ogre
 12522 | D:10     | Reached skill level 1 in Invocations
 12668 | Lair:1   | Entered Level 1 of the Lair of Beasts
 12873 | Lair:1   | Noticed Nergalle
 12882 | Lair:1   | Killed Nergalle
 12883 | Lair:1   | Reached skill level 10 in Shields
 13064 | Lair:1   | Found a runed translucent gate.
 13064 | Lair:1   | Found a runed translucent gate.
 13067 | Lair:1   | Found a runed translucent gate.
 13304 | Lair:1   | Noticed laros's ghost (journeyman MiBe)
 13422 | Lair:2   | Noticed an eight-headed hydra
 13449 | Lair:1   | Killed a three-headed hydra
 13452 | Lair:1   | Reached XP level 13. HP: 44/117 MP: 13/13
 14035 | Lair:2   | Reached skill level 15 in Armour
 14060 | Lair:2   | Found a hole to the Spider Nest.
 14312 | Lair:3   | Identified the +0 plate armour of Skepticism {rN+} (Okawaru
                  | gifted it to you on level 3 of the Lair of Beasts)
 14312 | Lair:3   | Received a gift from Okawaru
 14810 | Lair:3   | Found a runed translucent gate.
 14812 | Lair:3   | Found a runed translucent gate.
 14812 | Lair:3   | Found a runed translucent gate.
 14812 | Lair:3   | Noticed kalagan's ghost (journeyman DECj)
 14836 | Lair:3   | Killed kalagan's ghost
 15375 | Lair:3   | Found a staircase to the Shoals.
 15886 | D:11     | Reached skill level 16 in Long Blades
 15891 | D:11     | Found a frozen archway.
 15899 | IceCv    | Entered an ice cave
 16201 | IceCv    | Slain by a death yak simulacrum

Illustrated notes

Levels and vault maps discovered:
D:1:      doesnt_arrival_eight_statues, layout_loops_ring,
          dreamdust_ecumenical_altar_statues, hangedman_feature_mirror,
          hangedman_decor_clover_reticule
D:2:      layout_loops_ring, basic_altar
D:3:      layout_loops_ring, amcnicky_altar_gilded, st_stairs_11,
          kennysheep_generic_room_9
D:4:      layout_layer_cave, mainiacjoe_overflow_six_doors_small,
          nicolae_stop_n_shop_1, uniq_robin
D:5:      layout_loops_ring, mainiacjoe_overflow_small_starburst,
          minmay_temple_entry_mini_moons, feat_on_display
D:6:      minmay_bubble_buster, layout_cave_pods, serial_shops,
          nicolae_book_shop_shelving, ebering_ghost_sewer_f, kb_rosetta
D:7:      layout_loops_cross, okawaru_altar_gauntlet_db,
          gammafunk_temple_overflow_wave, gup_ossuary_entry_pyramid
D:8:      layout_gridville, old_standard_altar, grunt_lair_entry_orc_guard_hut,
          serial_shops, shop
D:9:      layout_irregular_city, serial_bayou, serial_bayou_lake_a,
          serial_bayou_lagoon_b, serial_bayou_pond_d, serial_bayou_crossing,
          hangedman_misty_isle, uniq_erica, uniq_erolcha, uniq_prince_ribbit1,
          uniq_amaemon
D:10:     minmay_the_grid_3x2 [minmay_the_grid_tiny_cups,
          minmay_the_grid_dragon_b, minmay_the_grid_medium_cups,
          minmay_the_grid_large_cup, minmay_the_grid_empty,
          minmay_the_grid_prize_four_corners], layout_long_grid,
          minmay_rotating_lava, uniq_maggie
D:11:     layout_basic, david_orc_2, portal_ice_cave_rime,
          kennysheep_generic_room_13
Temple:   hellmonk_temple_two_chambers
Lair:1:   layout_chaotic_city, gammafunk_ghost_necromancy, lemuel_fruit_fields,
          uniq_nergalle
Lair:2:   layout_hall_layers, nicolae_spider_entry_orb_guardian,
          serial_bayou_shore_a, grunt_megastairs_5, infiniplex_staircase_pool_2
Lair:3:   layout_layer_cave, elwin_shoals_entry_rooms, serial_bayou,
          serial_bayou_pond_d, serial_bayou_pond_a, serial_bayou_pond_c,
          serial_bayou_pond_a, gammafunk_ghost_hydra_chop, lemuel_fruit_fields
IceCv:    ice_cave_small_demon

Skill      XL: |  1  2  3  4  5  6  7  8  9 10 11 12 13 |
---------------+----------------------------------------+-----
Fighting       | 4 5 6 7 9 10 11 13 | 13.6
Shields        | 4 5 7 8 10 11 | 11.6
Armour         | 4 5 6 7 9 11 12 14 15 | 15.7
Long Blades    | 3 4 5 7 9 11 12 14 15 16 | 16.2
Dodging        | 1 2 3 4 5 |  5.6
Evocations     | 1 |  1.3
Stealth        | 1 |  1.2
Invocations    | 1 |  1.5

Action                     |  1- 3 |  4- 6 |  7- 9 | 10-12 | 13-15 || total
---------------------------+-------+-------+-------+-------+-------++-------
  Melee: Long sword        |    84 |   150 |   387 |   228 |       ||   849
         Headbutt          |    14 |    27 |    89 |   164 |    89 ||   383
         Scimitar          |       |       |       |   452 |   333 ||   785
 Invoke: Heroism           |       |       |       |    10 |     2 ||    12
  Evoke: Wand              |       |       |     2 |     9 |     1 ||    12
    Use: Potion            |       |     3 |     2 |     8 |     1 ||    14
         Scroll            |       |     3 |     6 |    13 |     3 ||    25
   Stab: Distracted        |       |       |       |       |     1 ||     1
 Armour: Scale mail        |    41 |     4 |       |       |       ||    45
         Chain mail        |       |    73 |   232 |    94 |       ||   399
         Plate armour      |       |       |       |   240 |   197 ||   437
  Dodge: Dodged            |    43 |    77 |   164 |   304 |   135 ||   723
  Block: Buckler           |    29 |    56 |   106 |   241 |   108 ||   540
